 Dungeon Crawl Stone Soup version 0.29.0-11-gd7f09526c8 (webtiles) character file.

Game seed: 1291494684204584368

15 smilodon the Trooper (level 2, -1/24 HPs)
             Began as a Demonspawn Fighter on Sept 3, 2022.
             Slain by an endoplasm (3 damage)
             ... on level 1 of the Dungeon.
             The game lasted 00:00:59 (435 turns).

smilodon the Trooper (Demonspawn Fighter)            Turns: 435, Time: 00:01:00

Health: -1/24      AC:  7    Str: 16    XL:     2   Next: 34%
Magic:  2/2        EV:  8    Int:  9    God:
Gold:   41         SH:  4    Dex: 12    Spells: 1/1 levels left

rFire   . . .      SeeInvis .   a - +0 war axe
rCold   . . .      Faith    .   c - +0 buckler
rNeg    . . .      Spirit   .   b - +0 scale mail
rPois   .          Reflect  .   (no helmet)
rElec   .          Harm     .   (no cloak)
rCorr   .          Rampage  .   d - +0 pair of gloves
Will    .....                   (no boots)
Stlth   ..........              (no amulet)
HPRegen 0.08/turn               (no ring)
MPRegen 0.08/turn               (no ring)

@: no status effects
A: demonic magic 1
a: no special abilities


You were on level 1 of the Dungeon.
You visited 1 branch of the dungeon, and saw 1 of its levels.

You collected 41 gold pieces.

Inventory:

Hand Weapons
 a - a +0 war axe (weapon)
Missiles
 f - 3 poisoned darts (quivered)
Armour
 b - a +0 scale mail (worn)
 c - a +0 buckler (worn)
 d - a +0 pair of gloves (worn)
Scrolls
 e - a scroll of enchant weapon {unknown}


   Skills:
 + Level 3.2 Fighting
 + Level 2.0 Axes
 + Level 2.9 Armour
 + Level 2.8 Shields


You had one spell level left.
You didn't know any spells.
Your spell library was empty.

Dungeon Overview and Level Annotations

Branches:
Dungeon (1/15)

Altars:


Innate Abilities, Weirdness & Mutations

Spells you cast may paralyse adjacent enemies.


Message History

No target in view!
Found a leather armour.
You see here 3 poisoned darts.
f - 3 poisoned darts
There is an escape hatch in the floor here.
You now have 41 gold pieces (gained 10).
A rat and a kobold come into view.
The kobold is wielding a +0 short sword of electrocution.
Found a potion of might.
The kobold shouts!
There are monsters nearby!
There are monsters nearby!
An endoplasm comes into view.
Found 11 gold pieces.
The endoplasm quivers.
A ball python comes into view.
The ball python hisses angrily.
You block the kobold's attack.
You hit the kobold but do no damage.
The kobold hits you with a +0 short sword of electrocution.
You barely miss the kobold. The kobold hits you but does no damage.
The ball python barely misses you. The ball python grabs you.
The ball python constricts you. The rat bites you but does no damage.
The kobold hits you but does no damage.
You are electrocuted!
Ouch! That really hurt!
* * * LOW HITPOINT WARNING * * *
The endoplasm freezes you.
You are frozen.
* * * LOW HITPOINT WARNING * * *
Okay, then.
You aren't carrying any potions.
You escape the ball python's grasp.
The rat barely misses you. The endoplasm closely misses you.
The rat barely misses you. The endoplasm attacks as you move away!
The endoplasm hits you.
* * * LOW HITPOINT WARNING * * *
The kobold attacks as you move away! The kobold hits you but does no damage.
The rat attacks as you move away! You block the rat's attack.
The endoplasm attacks as you move away! The endoplasm hits you.
You die...

#.........# #.........#
#........†## #.......)...
######### #.........#.
#.......# #.........##
#.......# #.........#
.##......K######.........##
.......S.r@......>.........
###......J#######.......##.
#.......# ##......# .
#......... #####..[..
###.#!..... ....##
#..#......# ###.#
#.##...$..# .## .. .......#
..


You could see an endoplasm, a ball python, a kobold and a rat.

Vanquished Creatures
  2 ball pythons (D:1)
  2 bats (D:1)
  An endoplasm (D:1)
  A hobgoblin (D:1)
  A jackal (D:1)
  3 kobolds (D:1)
  2 goblins (D:1)
  A rat (D:1)
13 creatures vanquished.

Notes
Turn   | Place    | Note
-------+----------+-------------------------------------------
     0 | D:1      | smilodon the Demonspawn Fighter began the quest for the
                  | Orb.
     0 | D:1      | Reached XP level 1. HP: 18/18 MP: 1/1
    78 | D:1      | Gained mutation: Spells you cast may paralyse adjacent
                  | enemies. [demonic ancestry]
    78 | D:1      | Reached XP level 2. HP: 6/24 MP: 2/2
   435 | D:1      | Slain by an endoplasm

Illustrated notes

Levels and vault maps discovered:
D:1:      amcnicky_arrival_double_pillar, layout_rooms, minmay_pentomino_t4

Skill      XL: |  1  2 |
---------------+-------+-----
Axes           | 2 |  2.0
Fighting       | |  3.2
Armour         | |  2.9
Shields        | |  2.8

Action                   || total
-------------------------++-------
Melee: War axe           ||    28
  Use: Potion            ||     1
Armor: Scale mail        ||    20
Dodge: Dodged            ||    12
Block: Buckler           ||    10
